 Seeded DCSS version 0.25-a0-308-geac7954 (webtiles) character file.

Game seed: 9423586861079837724, levelgen mode: classic

576622 aperiodic the Hoplite (level 25, 235/235 HPs)
             Began as a Minotaur Fighter on July 29, 2019.
             Was the Champion of the Shining One.
             Quit the game on level 4 of the Depths on Dec 22, 2019.
             The game lasted 02:44:31 (44621 turns).

aperiodic the Hoplite (Minotaur Fighter)           Turns: 44621, Time: 02:44:31

Health: 235/235    AC: 51    Str: 37    XL:     25   Next: 80%
Magic:  40/40      EV: 14    Int:  5    God:    the Shining One [******]
Gold:   5030       SH: 29    Dex: 11    Spells: 24/24 levels left

rFire    + . .     SeeInvis .   x - +8 mithril axe "Arga" {speed, MR+}
rCold    + . .     Gourm    .   Z - +2 large shield {AC+3}
rNeg     + + +     Faith    .   i - +5 crystal plate armour
rPois    .         Spirit   +   (helmet restricted)
rElec    +         Reflect  .   r - +0 cloak {MR+}
rCorr    .         Harm     .   S - +2 pair of gloves {Str+3}
MR       +++..                  O - +2 pair of boots {Fly}
Stlth    ..........             j - amulet of guardian spirit
HPRegen  0.49/turn              X - ring of Twilight {rC+ AC+4 Str+2}
MPRegen  0.27/turn              K - ring of Beauty {+Fly rElec rF+}

@: flying, glowing
A: retaliatory headbutt, claws 1, horns 2, thin metallic scales 1, high mp 1,
subdued magic 1
}: 3/15 runes: barnacled, silver, gossamer
a: Divine Shield, Cleansing Flame, Summon Divine Warrior, Brand Weapon With Holy
Wrath, Renounce Religion, Stop Flying


You were on level 4 of the Depths.
You worshipped the Shining One.
The Shining One was exalted by your worship.
You were not hungry.

You visited 9 branches of the dungeon, and saw 44 of its levels.
You visited 2 bazaars.
You also visited: Gauntlet and Ice Cave.

You collected 6988 gold pieces.
You spent 1958 gold pieces at shops.

Inventory:

Hand Weapons
 x - the +8 mithril axe "Arga" (weapon) {speed, MR+}
   (You found it on level 5 of the Dungeon)

   Attacks with this weapon are significantly faster.
   It affects your resistance to hostile enchantments.
Missiles
 t - 55 silver javelins (quivered)
 A - 7 throwing nets
Armour
 i - a +5 crystal plate armour (worn)
 r - a +0 cloak of magic resistance (worn)
 O - a +2 pair of boots of flying (worn)
 S - a +2 pair of gloves of strength (worn)
 Z - a +2 large shield of protection (worn)
Jewellery
 j - an amulet of guardian spirit (around neck)
 D - the ring "Biuph" {+Inv rElec rPois Dex+5}
   (You took it off a merfolk aquamancer on level 4 of the Shoals)

   [ring of dexterity]

   It affects your dexterity (+5).
   It insulates you from electricity.
   It protects you from poison.
   It lets you turn invisible.
 K - the ring of Beauty (right hand) {+Fly rElec rF+}
   (You found it in a Gauntlet)

   [ring of protection from fire]

   It protects you from fire.
   It insulates you from electricity.
   It lets you fly.
 X - the ring of Twilight (left hand) {rC+ AC+4 Str+2}
   (You found it on level 9 of the Dungeon)

   [ring of protection]

   It affects your AC (+4).
   It affects your strength (+2).
   It protects you from cold.
Wands
 o - a wand of acid (32)
 y - a wand of digging (15)
 C - a wand of iceblast (40)
 G - a wand of paralysis (31)
 Q - a wand of enslavement (17)
 U - a wand of scattershot (8)
Scrolls
 b - 4 scrolls of fear
 e - 3 scrolls of summoning
 h - 21 scrolls of remove curse
 k - 7 scrolls of blinking
 n - 10 scrolls of fog
 s - 13 scrolls of teleportation
 u - 47 scrolls of identify
 v - 2 scrolls of immolation
 z - 3 scrolls of silence
 B - 3 scrolls of vulnerability
 I - 4 scrolls of holy word
 L - a scroll of acquirement
 R - 9 scrolls of magic mapping
 W - 2 scrolls of enchant armour
Potions
 a - 4 potions of resistance
 c - 2 potions of cancellation
 d - 6 potions of might
 g - 10 potions of haste
 m - 15 potions of curing
 p - 14 potions of agility
 q - 4 potions of mutation
 w - 6 potions of heal wounds
 H - 5 potions of lignification
 M - 5 potions of ambrosia
 N - 3 potions of magic
 T - 5 potions of flight
Miscellaneous
 l - a fan of gales
 F - a lightning rod (4/4)
 J - 2 phantom mirrors
 P - 4 sacks of spiders
 V - a phial of floods
 Y - 3 boxes of beasts
Comestibles
 f - 77 rations
 E - a chunk of flesh


   Skills:
 + Level 21.0 Fighting
 - Level 18.0 Axes
 + Level 21.0 Armour
 + Level 14.0 Dodging
 * Level 23.1 Shields
 * Level 20.8 Invocations
 - Level 15.0 Evocations


You had 24 spell levels left.
You didn't know any spells.
Your spell library contained the following spells:

 Spells                   Type           Power        Failure   Level  Hunger
 Animate Skeleton         Necr           N/A          98%         1    ##.....
 Apportation              Tloc           #.....       98%         1    ##.....
 Beastly Appendage        Tmut           #.....       98%         1    ##.....
 Confusing Touch          Hex            #.....       98%         1    ##.....
 Corona                   Hex            #......      98%         1    ##.....
 Foxfire                  Conj/Fire      #...         98%         1    ##.....
 Freeze                   Ice            #...         98%         1    ##.....
 Infusion                 Chrm           #...         98%         1    ##.....
 Magic Dart               Conj           #...         98%         1    ##.....
 Pain                     Necr           #...         98%         1    ##.....
 Sandblast                Erth           #.....       98%         1    ##.....
 Sting                    Tmut/Pois      #...         98%         1    ##.....
 Summon Butterflies       Summ           #.......     98%         1    ##.....
 Summon Small Mammal      Summ           #...         98%         1    ##.....
 Blink                    Tloc           N/A          99%         2    ###....
 Call Imp                 Summ           #.......     99%         2    ###....
 Corpse Rot               Necr/Air       N/A          99%         2    ###....
 Ensorcelled Hibernation  Hex/Ice        #.....       99%         2    ###....
 Passwall                 Tmut/Erth      #.......     99%         2    ###....
 Poisonous Vapours        Pois/Air       #.....       99%         2    ###....
 Searing Ray              Conj           #.....       99%         2    ###....
 Shroud of Golubria       Chrm/Tloc      #.....       99%         2    ###....
 Slow                     Hex            #.......     99%         2    ###....
 Song of Slaying          Chrm           #.......     99%         2    ###....
 Sticks to Snakes         Tmut           #.......     99%         2    ###....
 Sublimation of Blood     Necr           #.........   99%         2    ###....
 Swiftness                Chrm/Air       #.......     99%         2    ###....
 Confuse                  Hex            #.......     100%        3    ####...
 Conjure Flame            Conj/Fire      #.......     100%        3    ####...
 Dazzling Flash           Conj/Hex       #.....       100%        3    ####...
 Gell's Gravitas          Tloc           #.........   100%        3    ####...
 Ignite Poison            Fire/Tmut/Pois #.......     100%        3    ####...
 Inner Flame              Hex/Fire       #.......     100%        3    ####...
 Lesser Beckoning         Tloc           #.........   100%        3    ####...
 Mephitic Cloud           Conj/Pois/Air  #.......     100%        3    ####...
 Ozocubu's Armour         Chrm/Ice       #.......     100%        3    ####...
 Portal Projectile        Hex/Tloc       #.....       100%        3    ####...
 Regeneration             Chrm/Necr      #.........   100%        3    ####...
 Spectral Weapon          Hex/Chrm       #.......     100%        3    ####...
 Spider Form              Tmut/Pois      #.........   100%        3    ####...
 Static Discharge         Conj/Air       #.......     100%        3    ####...
 Stone Arrow              Conj/Erth      #.....       100%        3    ####...
 Teleport Other           Tloc           #.......     100%        3    ####...
 Tukima's Dance           Hex            #.......     100%        3    ####...
 Vampiric Draining        Necr           #.........   100%        3    ####...
 Animate Dead             Necr           N/A          100%        4    #####..
 Cause Fear               Hex            #.........   100%        4    #####..
 Fulminant Prism          Conj/Hex       #.........   100%        4    #####..
 Hailstorm                Conj/Ice       #.......     100%        4    #####..
 Ice Form                 Ice/Tmut       #.......     100%        4    #####..
 Iskenderun's Mystic Bla  Conj/Tloc      #.......     100%        4    #####..
 Leda's Liquefaction      Hex/Erth       #.........   100%        4    #####..
 Olgreb's Toxic Radiance  Pois           #.......     100%        4    #####..
 Passage of Golubria      Tloc           N/A          100%        4    #####..
 Petrify                  Tmut/Erth      #.......     100%        4    #####..
 Sticky Flame             Conj/Fire      #.......     100%        4    #####..
 Summon Ice Beast         Ice/Summ       #.......     100%        4    #####..
 Agony                    Necr           #.......     100%        5    ######.
 Alistair's Intoxication  Tmut/Pois      #.......     100%        5    ######.
 Aura of Abjuration       Summ           #.........   100%        5    ######.
 Blade Hands              Tmut           #.........   100%        5    ######.
 Bolt of Magma            Conj/Fire/Erth #.........   100%        5    ######.
 Dispel Undead            Necr           #.......     100%        5    ######.
 Excruciating Wounds      Chrm/Necr      #.........   100%        5    ######.
 Irradiate                Conj/Tmut      #.........   100%        5    ######.
 Iskenderun's Battlesphe  Conj/Chrm      #.......     100%        5    ######.
 Lee's Rapid Deconstruct  Erth           #.........   100%        5    ######.
 Lightning Bolt           Conj/Air       #.........   100%        5    ######.
 Metabolic Englaciation   Hex/Ice        #.........   100%        5    ######.
 Silence                  Hex/Air        #.........   100%        5    ######.
 Summon Mana Viper        Hex/Summ       #.......     100%        5    ######.
 Yara's Violent Unravell  Hex/Tmut       #.........   100%        5    ######.
 Darkness                 Hex            #.........   100%        6    #######
 Death Channel            Necr           #.........   100%        6    #######
 Deflect Missiles         Chrm/Air       #.........   100%        6    #######
 Dispersal                Tloc           #.........   100%        6    #######
 Freezing Cloud           Conj/Ice/Air   #.........   100%        6    #######
 Invisibility             Hex            #.......     100%        6    #######
 Iron Shot                Conj/Erth      #.........   100%        6    #######
 Statue Form              Tmut/Erth      #........    100%        6    #######
 Orb of Destruction       Conj           #.........   100%        7    #######
 Ring of Flames           Chrm/Fire      #.........   100%        7    #######
 Spellforged Servitor     Conj/Summ      #.........   100%        7    #######
 Chain Lightning          Conj/Air       #.........   100%        8    #######
 Discord                  Hex            #.........   100%        8    #######
 Ignition                 Fire           #.........   100%        8    #######
 Lehudib's Crystal Spear  Conj/Erth      #.........   100%        8    #######
 Fire Storm               Conj/Fire      #.........   100%        9    #######
 Glaciate                 Conj/Ice       #.........   100%        9    #######
 Shatter                  Erth           #.........   100%        9    #######
 Tornado                  Air            #.........   100%        9    #######


Dungeon Overview and Level Annotations

Branches:
Dungeon (15/15)            Temple (1/1) D:7            Lair (6/6) D:8
 Shoals (4/4) Lair:4       Spider (4/4) Lair:4        Slime (0/5) Lair:6
    Orc (2/2) D:9             Elf (3/3) Orc:2        Vaults (5/5) D:14
  Crypt (0/3) Vaults:2     Depths (4/5) D:15

Altars:
Ashenzari
Cheibriados
Dithmenos
Elyvilon
Fedhas
Gozag
Hepliaklqana
Kikubaaqudgha
Makhleb
Nemelex Xobeh
Okawaru
Qazlal
Ru
Sif Muna
Trog
Uskayaw
Vehumet
Wu Jian
Xom
Yredelemnul
Zin
The Shining One
Beogh

Shops:
D:4 [   Orc:1 *   Orc:2 **=*   Elf:1 ((*(   Elf:2 ?   Shoals:4 (   Vaults:2 %
Vaults:4 *   Depths:1 *

Portals:
Hell: Depths:1 Depths:2 Depths:3 Depths:4
Abyss: Depths:4
Pandemonium: Depths:1 Depths:3


Innate Abilities, Weirdness & Mutations

You reflexively headbutt those who attack you in melee.
You have a pair of horns on your head.
You have sharp fingernails.
You are partially covered in thin metallic scales. (AC +2)
You have an increased reservoir of magic. (+10% MP)
Your spells are a little easier to cast, but a little less powerful.


Message History

a +0 dagger; a +0 scale mail; an elf corpse
There is a large open door here.
Some of the chunks of flesh in your inventory have rotted away.
There is an open door here.
Things that are here:
a +0 whip; a +0 cloak
Things that are here:
a +1 short sword of speed; a +0 ring mail; an elf skeleton
There is an open door here.
Things that are here:
a cursed +0 dagger; a +0 robe
There is an open door here.
You see here a hand crossbow.
Partly explored, can't reach some places.
Saving game... please wait.
Warning: Full pregeneration is not allowed on this build of crawl. (~/.crawlrc:2) Welcome back, aperiodic the Minotaur Fighter.
The Shining One says: Lead the forces of light to victory!
Press ? for a list of commands and other information.
Are you sure you want to abandon this character and quit the game? (Confirm with "yes".)

# # # # # ### #≈# #
####≈# #### #..≈@#
.#.## #.≈≈## ....#
#..≈# ....##
####..≈# .....##
##....≈≈#
§§....###..###≈≈#
§§..........#≈≈.##
§........§§§≈≈≈..##
.......§§§≈§.≈....#


There were no monsters in sight!

Vanquished Creatures
  A juggernaut (Depths:3)
  2 ancient liches (Vaults:5)
  Bai Suzhen (Depths:3)
  Margery (Depths:1)
  Saint Roka (Depths:3)
  the Enchantress (Depths:4)
  Jory (Vaults:4)
  Arachne (Spider:2)
  Rupert (Orc:2)
  Jorgrun (Spider:3)
  4 liches
  A deep elf master archer (Elf:3)
  A quicksilver dragon (Vaults:5)
  2 deep elf blademasters (Elf:3)
  5 titans
  5 sphinxes
  Kirke (D:12)
  3 storm dragons (Vaults:5)
  The ghost of Uppontub the Severer, an adept HOFi of Uskayaw (Elf:2)
  Roxanne (D:14)
  8 tengu reavers
  6 shadow dragons
  Donald (Spider:4)
  7 fire giants
  Ilsuiw (Shoals:2)
  A storm dragon (shapeshifter) (Elf:2)
  The ghost of Espgualade the Devastator, an adept TeIE of Vehumet (Shoals:4)
  18 vault wardens
  3 ghost moths
  Louise (Spider:4)
  A balrug (Depths:4)
  9 frost giants
  10 emperor scorpions
  9 deep elf sorcerers
  3 deep elf elementalists
  Aizul (Depths:3)
  4 war gargoyles (Vaults:5)
  2 draconian annihilators (Depths:4)
  10 ironheart preservers
  3 spriggan defenders (Depths:4)
  4 entropy weavers
  26 very ugly things
  23 stone giants
  2 vampire knights
  9 deep elf demonologists
  The ghost of myxocpahck the Arsonist, a journeyman GrFE of Ru (Orc:1)
  A minotaur (Gauntlet)
  3 spark wasps (Depths:1)
  20 deep elf annihilators
  9 merfolk javelineers
  2 blizzard demons
  8 statues (Depths:4)
  11 ettins
  6 deep elf death magi
  Snorg (Lair:3)
  12 merfolk impalers
  Josephine (D:14)
  Erolcha (D:9)
  A great orb of eyes (shapeshifter) (Vaults:4)
  22 ogre magi
  7 deep elf high priests (Elf:3)
  10 fire dragons
  9 great orbs of eyes
  Fannar (Lair:2)
  3 ice dragons
  Harold (D:8)
  13 hydras
  25 vault guards
  10 yaktaur captains
  6 rakshasas
  6 alligator snapping turtles
  5 spriggan air magi
  An anaconda (shapeshifter) (Elf:2)
  9 centaur warriors
  75 two-headed ogres
  A catoblepas (Lair:6)
  7 merfolk aquamancers
  A death knight (Vaults:3)
  2 queen ants (shapeshifter) (Elf:2)
  5 satyrs
  A two-headed ogre (shapeshifter) (Depths:4)
  3 merfolk avatars
  6 deep troll shamans
  2 deep troll earth magi (Depths:3)
  10 death yaks (Lair:6)
  5 tengu warriors
  25 dancing weapons
  An orc high priest (Orc:1)
  4 spriggan berserkers
  2 thrashing horrors (Gauntlet)
  The ghost of Voug the Nimble, a journeyman FeTm of Ru (Lair:4)
  Urug (Lair:5)
  The ghost of Abara the Thaumaturge, a novice DEFE of Vehumet (D:12)
  23 deep elf knights
  Nergalle (Lair:4)
  6 hell knights
  2 iron trolls
  2 salamander mystics
  2 shadow wraiths
  11 sea snakes
  21 deep trolls
  An unseen horror (shapeshifter) (Depths:1)
  3 glowing orange brains
  4 unseen horrors
  A flayed ghost (Vaults:2)
  7 wizards
  Pikel (D:9)
  A torturous demonspawn (Depths:1)
  7 phantasmal warriors
  9 lindwurms
  26 deep elf archers
  A wolf spider (shapeshifter) (Elf:2)
  62 ugly things
  12 ironbrand convokers
  9 necromancers
  A wolf spider zombie (D:15)
  23 orb spiders
  8 harpies
  3 orc sorcerers
  A mana viper (shapeshifter) (Elf:2)
  30 fauns
  A manticore (shapeshifter) (Vaults:5)
  14 orc knights
  2 salamanders (shapeshifter)
  15 manticores
  85 deep elf magi
  2 moths of wrath
  3 cyclopes
  29 wolf spiders
  6 salamanders
  11 merfolk sirens
  Maurice (D:8)
  A black mamba (shapeshifter) (Vaults:5)
  11 vault sentinels
  2 ice statues (IceCv)
  7 torpor snails
  A guardian serpent (shapeshifter) (Depths:1)
  5 elephants (Lair:5)
  4 black mambas
  An orange demon (Depths:1)
  A water nymph (Shoals:1)
  A gargoyle (D:12)
  A spiny frog (shapeshifter) (Elf:3)
  10 spiny frogs
  A minotaur zombie (Gauntlet)
  19 demonic crawlers
  11 komodo dragons
  80 yaktaurs
  11 tengu conjurers
  A kobold demonologist (D:13)
  2 rime drakes (shapeshifter)
  A komodo dragon (shapeshifter) (Elf:2)
  2 yaktaurs (shapeshifter)
  7 freezing wraiths
  4 hellwings
  13 ice devils (IceCv)
  12 rime drakes
  38 merfolk
  A meliai (D:9)
  A troll (shapeshifter) (Depths:1)
  A red devil (Depths:4)
  A queen bee (shapeshifter) (Vaults:1)
  A wind drake (shapeshifter) (D:9)
  3 wind drakes
  17 hornets
  10 trolls
  A polar bear (Vaults:1)
  34 jumping spiders
  4 tyrant leeches (Lair:6)
  A polar bear (shapeshifter) (Depths:1)
  39 blink frogs
  A raiju (shapeshifter) (Elf:2)
  29 slime creatures
  6 dream sheep (Lair:6)
  A raiju (Gauntlet)
  9 snapping turtles
  7 hippogriffs
  2 centaur simulacra (Gauntlet)
  A vampire (D:15)
  2 shadows
  79 redbacks
  23 tarantellas
  3 air elementals
  8 wraiths
  9 spriggans
  A spriggan (shapeshifter) (Vaults:1)
  17 humans
  A fire elemental (Elf:3)
  20 yaks
  A tarantella (shapeshifter) (Elf:2)
  15 water elementals
  9 hogs
  A yak (shapeshifter) (Elf:2)
  5 basilisks
  3 wyverns
  4 small abominations (Gauntlet)
  4 hungry ghosts
  7 vampire mosquitoes
  15 steam dragons
  2 swamp worms (shapeshifter)
  3 acid dragons
  3 wargs
  A soldier ant (D:13)
  16 water moccasins
  10 porcupines
  An ice beast (shapeshifter) (Vaults:5)
  An ice beast (D:7)
  32 orc warriors
  2 slaves (D:9)
  4 sky beasts
  4 phantoms
  A black bear (shapeshifter) (Depths:3)
  2 eyes of draining
  12 boggarts
  72 ogres
  16 wolves
  10 crocodiles
  20 centaurs
  A crocodile (shapeshifter) (Vaults:5)
  A big kobold (D:13)
  12 bullfrogs
  2 earth elementals
  A spiny frog simulacrum (Gauntlet)
  6 scorpions
  16 killer bees
  13 wights
  An electric eel (Spider:3)
  4 howler monkeys
  6 crimson imps
  A centaur zombie (D:12)
  An iron imp (Depths:2)
  3 jellies
  11 orc priests
  A bullfrog zombie (D:8)
  6 hounds
  20 orc wizards
  Crazy Yiuf (D:5)
  A gnoll shaman (D:7)
  2 bullfrog skeletons
  3 centaur skeletons
  8 iguanas
  An iguana (shapeshifter) (Vaults:5)
  5 worker ants
  A bullfrog simulacrum (D:13)
  2 hound skeletons
  A worker ant zombie (D:5)
  13 adders
  9 gnolls (D:7)
  2 river rats (shapeshifter)
  7 shadow imps
  10 white imps
  6 ufetubi
  An ooze (D:3)
  2 adder skeletons
  2 worms
  4 dart slugs
  12 leopard geckos
  98 orcs
  7 giant cockroaches
  7 goblins
  9 hobgoblins
  7 jackals
  4 quokkas
  A ball python (D:3)
  8 bats
  11 frilled lizards
  A jackal skeleton (D:7)
  15 kobolds
  2 leopard gecko skeletons
  A leopard gecko zombie (D:6)
  6 rats
  2 crawling corpses (Vaults:5)
  2 fire vortices (Depths:4)
  7 fungi
  13 plants
2259 creatures vanquished.

Vanquished Creatures (collateral kills)
  A titan (Vaults:5)
  A shadow dragon (Vaults:5)
  A vault warden (Vaults:5)
  A stone giant (Vaults:5)
  An ettin (Vaults:5)
  A yaktaur captain (Vaults:5)
  2 vault guards (Vaults:5)
  A deep elf knight (Vaults:5)
  A moth of wrath (shapeshifter) (Vaults:5)
  A spiny frog (shapeshifter) (Vaults:5)
  2 yaktaurs (Vaults:5)
  A blink frog (Lair:6)
  An ogre (Vaults:5)
15 creatures vanquished.

Vanquished Creatures (others)
  A deep elf master archer (Elf:3)
  Nessos (D:14)
  A deep elf annihilator (Elf:3)
  A centaur warrior (D:14)
  A deep elf archer (Elf:3)
  A cyclops (D:15)
  4 deep elf magi
  3 fauns
  A merfolk siren (Shoals:3)
  A merfolk (Shoals:4)
  A snapping turtle (Shoals:4)
  An orc warrior (Depths:3)
  2 centaurs
  A big kobold (shapeshifter) (Elf:2)
  2 white imps (IceCv)
  2 ufetubi (IceCv)
  An orc (Depths:3)
  3 fungi (Lair:6)
  52 plants
  2 withered plants (Lair:4)
82 creatures vanquished.

Grand Total: 2356 creatures vanquished

Notes
Turn   | Place    | Note
-------+----------+-------------------------------------------
     0 | D:1      | aperiodic the Minotaur Fighter began the quest for the Orb.
     0 | D:1      | Reached XP level 1. HP: 19/19 MP: 0/0
   405 | D:1      | Reached XP level 2. HP: 27/27 MP: 1/1
   638 | D:1      | Found a shimmering altar of Xom.
   709 | D:1      | Reached skill level 4 in Shields
   822 | D:1      | Reached XP level 3. HP: 33/33 MP: 2/2
  1103 | D:2      | You fall into a shaft and drop 1 floor!
  1132 | D:3      | Reached XP level 4. HP: 32/40 MP: 3/3
  1552 | D:2      | Reached XP level 5. HP: 47/47 MP: 4/4
  2172 | D:3      | Found a basalt altar of Yredelemnul.
  2406 | D:3      | Found a burning altar of Makhleb.
  2531 | D:4      | Found an iron altar of Okawaru.
  2694 | D:4      | Found Cegosed's Armour Shoppe.
  2700 | D:4      | Bought a +1 cloak for 126 gold pieces
  2730 | D:4      | Found an opulent altar of Gozag.
  2792 | D:4      | Reached skill level 5 in Axes
  3112 | D:5      | Entered Level 5 of the Dungeon
  3112 | D:5      | Noticed a phantom
  3119 | D:4      | Reached skill level 5 in Shields
  3144 | D:4      | Killed a phantom
  3144 | D:4      | Reached skill level 5 in Fighting
  3144 | D:4      | Reached XP level 6. HP: 40/56 MP: 5/5
  3381 | D:5      | Found the +8 mithril axe "Arga" {speed, MR+}
  3431 | D:5      | Reached XP level 7. HP: 61/61 MP: 6/6
  3497 | D:5      | Found a runed translucent door.
  3498 | D:5      | Noticed Crazy Yiuf
  3504 | D:5      | Killed Crazy Yiuf
  3585 | D:5      | Reached skill level 6 in Shields
  4013 | D:6      | Reached XP level 8. HP: 68/69 MP: 7/7
  4172 | D:6      | Reached skill level 7 in Shields
  4430 | D:7      | Reached skill level 5 in Armour
  4442 | D:7      | Found a sacrificial altar of Ru.
  4572 | D:7      | Found a staircase to the Ecumenical Temple.
  4580 | Temple   | Entered the Ecumenical Temple
  4762 | D:7      | Reached skill level 10 in Axes
  4833 | D:7      | Found a sparkling altar of Nemelex Xobeh.
  4995 | D:7      | Found a burning altar of Makhleb.
  5270 | D:8      | Found a glowing golden altar of the Shining One.
  5291 | D:8      | Noticed Harold
  5306 | D:8      | Killed Harold
  5306 | D:8      | Reached skill level 8 in Shields
  5306 | D:8      | Reached XP level 9. HP: 65/79 MP: 8/8
  5483 | D:8      | Became a worshipper of the Shining One
  5576 | D:8      | Found a snail-covered altar of Cheibriados.
  5624 | D:8      | Found a glowing silver altar of Zin.
  5626 | D:8      | Found a stormy altar of Qazlal.
  5627 | D:8      | Found a radiant altar of Vehumet.
  5643 | D:8      | Found a staircase to the Lair.
  5680 | D:8      | Reached skill level 9 in Shields
  5805 | D:8      | Noticed Maurice
  5809 | D:8      | Killed Maurice
  5809 | D:8      | Reached XP level 10. HP: 88/88 MP: 9/9
  5851 | D:9      | Noticed Erolcha
  5884 | Lair:1   | Entered Level 1 of the Lair of Beasts
  5903 | Lair:1   | Noticed a spiny frog
  5915 | Lair:1   | Killed a spiny frog
  6071 | Lair:1   | Noticed a spiny frog
  6074 | Lair:1   | Killed a spiny frog
  6380 | Lair:1   | Noticed a spiny frog
  6386 | Lair:1   | Killed a spiny frog
  6628 | Lair:2   | Reached * piety under the Shining One
  6638 | Lair:2   | Reached skill level 10 in Shields
  6639 | Lair:2   | Reached skill level 1 in Evocations
  6652 | Lair:2   | Reached XP level 11. HP: 78/97 MP: 10/10
  7114 | Lair:2   | Noticed Fannar
  7145 | Lair:2   | Killed Fannar
  7603 | Lair:3   | Found a gate leading to a gauntlet.
  7609 | Gauntlet | Entered a Gauntlet
  7609 | Gauntlet | Found a transporter.
  7618 | Gauntlet | Found a transporter.
  7618 | Gauntlet | Found a transporter.
  7627 | Gauntlet | Found a transporter.
  7629 | Gauntlet | Found a transporter.
  7637 | Gauntlet | Noticed a death ooze
  7641 | Gauntlet | Found a transporter.
  7657 | Gauntlet | Found a transporter.
  7666 | Gauntlet | Found a transporter.
  7676 | Gauntlet | Found a transporter.
  7679 | Gauntlet | Reached ** piety under the Shining One
  7690 | Gauntlet | Noticed a thrashing horror
  7690 | Gauntlet | Noticed a thrashing horror
  7693 | Gauntlet | Found a transporter.
  7700 | Gauntlet | Found a transporter.
  7702 | Gauntlet | Found a transporter.
  7746 | Gauntlet | Found a transporter.
  7763 | Gauntlet | Found a transporter.
  7763 | Gauntlet | Found a runed translucent door.
  7884 | Gauntlet | Identified a scroll of acquirement
  7920 | Gauntlet | Reached skill level 10 in Fighting
  7954 | Gauntlet | Killed a thrashing horror
  7956 | Gauntlet | Killed a thrashing horror
  7970 | Gauntlet | Reached skill level 11 in Shields
  7971 | Gauntlet | Got a brightly glowing marble ring
  7973 | Gauntlet | Identified the ring of Beauty {+Fly rElec rF+} (You found
                  | it in a Gauntlet)
  7985 | Gauntlet | Got a steaming buckler
  7996 | Gauntlet | Identified the +3 buckler of Roigox {-Tele Int+4 Dex+4}
                  | (You acquired it in a Gauntlet)
  8014 | Gauntlet | Identified the ring of Iridaaru {rPois rC+ MP+9 Dex-2
                  | Stlth-}
  8014 | Gauntlet | Noticed a minotaur
  8040 | Gauntlet | Killed a minotaur
  8199 | Lair:3   | Reached skill level 10 in Armour
  8220 | Lair:3   | Reached XP level 12. HP: 107/107 MP: 13/13
  8274 | Lair:3   | Reached *** piety under the Shining One
  8293 | Lair:3   | Reached skill level 15 in Axes
  8769 | Lair:3   | Noticed Snorg
  8778 | Lair:3   | Killed Snorg
  8951 | Lair:4   | Noticed Nergalle
  8957 | Lair:4   | Reached skill level 5 in Evocations
  8970 | Lair:4   | Killed Nergalle
  8997 | Lair:4   | Found a hole to the Spider Nest.
  9067 | Lair:4   | Reached skill level 12 in Shields
  9280 | Lair:4   | Found a staircase to the Shoals.
  9364 | Lair:4   | Reached XP level 13. HP: 116/116 MP: 16/16
  9413 | Lair:4   | Found a runed translucent door.
  9415 | Lair:4   | Noticed Voug's ghost (journeyman FeTm)
  9596 | Lair:5   | Reached **** piety under the Shining One
  9813 | Lair:5   | Noticed Urug
  9846 | Lair:5   | Killed Urug
 10649 | Lair:6   | Entered Level 6 of the Lair of Beasts
 10983 | Lair:6   | Reached skill level 13 in Shields
 11082 | Lair:6   | Reached XP level 14. HP: 110/127 MP: 17/17
 11308 | Lair:6   | Reached ***** piety under the Shining One
 11651 | Lair:6   | Found a runed translucent door.
 11953 | Lair:6   | Found a staircase to the Slime Pits.
 12358 | D:9      | Killed Erolcha
 12358 | D:9      | Reached skill level 14 in Shields
 12561 | D:9      | Reached skill level 1 in Invocations
 12684 | D:9      | Noticed Pikel
 12694 | D:9      | Killed Pikel
 12834 | D:9      | Found an ornate altar of the Wu Jian Council.
 12841 | D:9      | Found a staircase to the Orcish Mines.
 12846 | Orc:1    | Entered Level 1 of the Orcish Mines
 12858 | Orc:1    | Found Ipiyc's General Store.
 12867 | Orc:1    | Bought a potion of cancellation for 120 gold pieces
 12867 | Orc:1    | Bought a scroll of summoning for 142 gold pieces
 12867 | Orc:1    | Bought a scroll of silence for 112 gold pieces
 12982 | Orc:2    | Entered Level 2 of the Orcish Mines
 13055 | Orc:2    | Found a staircase to the Elven Halls.
 13151 | Orc:2    | Found Rom Qonk's General Store.
 13151 | Orc:2    | Found Usychi's Assorted Antiques.
 13215 | Orc:2    | Reached XP level 15. HP: 112/137 MP: 18/18
 13287 | Orc:2    | Found Paovius's General Store.
 13287 | Orc:2    | Found Xonte's Jewellery Shoppe.
 13456 | Orc:2    | Noticed Rupert
 13478 | Orc:2    | Killed Rupert
 13478 | Orc:2    | Reached skill level 5 in Invocations
 13854 | Orc:1    | Found a runed translucent gate.
 13854 | Orc:1    | Found a runed translucent gate.
 13854 | Orc:1    | Found a runed translucent gate.
 13854 | Orc:1    | Noticed myxocpahck's ghost (journeyman GrFE)
 13970 | Orc:1    | Found a roughly hewn altar of Beogh.
 14053 | Orc:1    | Killed myxocpahck's ghost
 14096 | Orc:2    | Bought 3 scrolls of identify for 84 gold pieces
 14567 | D:9      | Reached ****** piety under the Shining One
 14624 | D:9      | Got a coiled amber ring
 14626 | D:9      | Identified the ring of Twilight {rC+ AC+4 Str+2} (You found
                  | it on level 9 of the Dungeon)
 14724 | D:10     | Entered Level 10 of the Dungeon
 16400 | D:12     | Found a shattered altar of Ashenzari.
 16464 | D:12     | Noticed Kirke
 16477 | D:12     | Killed Kirke
 16585 | D:12     | Found a runed translucent gate.
 16585 | D:12     | Found a runed translucent gate.
 16585 | D:12     | Found a runed translucent gate.
 16585 | D:12     | Noticed Abara's ghost (novice DEFE)
 16730 | D:12     | Killed Abara's ghost
 16741 | D:12     | Identified the Handbook of the Excruciating Oath
 16784 | D:13     | Reached skill level 15 in Shields
 16791 | D:13     | Reached XP level 16. HP: 147/147 MP: 19/21
 17075 | D:13     | Found a radiant altar of Vehumet.
 17288 | D:14     | Found a gate to the Vaults.
 17701 | D:14     | Noticed Roxanne
 17798 | D:14     | Killed Roxanne
 17798 | D:14     | Reached XP level 17. HP: 98/154 MP: 21/23
 17999 | D:14     | Noticed Josephine
 18009 | D:14     | Killed Josephine
 18350 | D:14     | Noticed Nessos
 18356 | D:14     | Killed Nessos
 18636 | D:15     | Entered Level 15 of the Dungeon
 18645 | D:15     | Reached skill level 15 in Fighting
 18661 | D:15     | Reached skill level 10 in Invocations
 19346 | D:15     | Found a staircase to the Depths.
 19417 | D:15     | Reached skill level 15 in Armour
 19822 | Spider:1 | Entered Level 1 of the Spider Nest
 19865 | Spider:1 | Got a translucent shield
 19891 | Lair:4   | Identified the +2 shield "Gomitaoc" {rN+ MR- Stlth+} (You
                  | found it on level 1 of the Spider Nest)
 19934 | Lair:4   | Killed Voug's ghost
 20829 | Spider:2 | Found a transporter.
 20849 | Spider:2 | Reached skill level 16 in Shields
 20853 | Spider:2 | Found a transporter.
 20956 | Spider:2 | Noticed Arachne
 20971 | Spider:2 | Killed Arachne
 21421 | Spider:2 | Got a pair of bloodstained gloves
 21432 | Spider:2 | Identified the +0 pair of gloves "Qeiwe" {rElec rN+ Regen+
                  | Stlth-} (You found it on level 2 of the Spider Nest)
 21445 | Spider:2 | Got a heavily runed cloak
 21456 | Spider:2 | Identified the +1 cloak of the Constellations {rF+} (You
                  | found it on level 2 of the Spider Nest)
 21514 | Spider:3 | Reached XP level 18. HP: 163/166 MP: 6/25
 21671 | Spider:3 | Noticed Jorgrun
 21688 | Spider:3 | Killed Jorgrun
 21811 | Spider:3 | Reached skill level 10 in Evocations
 22063 | Spider:4 | Entered Level 4 of the Spider Nest
 22146 | Spider:4 | Noticed Donald
 22167 | Spider:4 | Killed Donald
 22196 | Spider:4 | Noticed Louise
 22231 | Spider:4 | Killed Louise
 22672 | Spider:4 | Got a gossamer rune of Zot
 23064 | Shoals:1 | Entered Level 1 of the Shoals
 23533 | Shoals:1 | Reached skill level 1 in Dodging
 23801 | Shoals:1 | Found the +6 Majin-Bo {vamp, Archmagi MP+6 Int+6}
 24447 | Shoals:2 | Noticed Ilsuiw
 24468 | Shoals:2 | Killed Ilsuiw
 24677 | Shoals:2 | Reached skill level 17 in Shields
 24730 | Shoals:2 | Found a gateway to a bazaar.
 24812 | Shoals:3 | Reached XP level 19. HP: 174/174 MP: 28/28
 25707 | Shoals:4 | Entered Level 4 of the Shoals
 25850 | Shoals:4 | Identified the ring "Biuph" {+Inv rElec rPois Dex+5}
 26521 | Shoals:4 | Reached skill level 5 in Dodging
 26628 | Shoals:4 | Got a barnacled rune of Zot
 26700 | Shoals:4 | Found a large runed translucent door.
 26700 | Shoals:4 | Found a large runed translucent door.
 26713 | Shoals:4 | Found Zucreaw's Weapon Shop.
 26887 | Shoals:4 | Identified the +1 robe "Qiazxupn" {Regen+ SInv}
 27267 | Shoals:4 | Noticed Espgualade's ghost (adept TeIE)
 27288 | Shoals:4 | Killed Espgualade's ghost
 27506 | Elf:1    | Entered Level 1 of the Elven Halls
 27548 | Elf:1    | Noticed a Brimstone Fiend
 27685 | Elf:1    | Found Piege's Antique Weapon Shop.
 27737 | Elf:1    | Found Tiaddent's General Store.
 27745 | Elf:1    | Bought a box of beasts for 280 gold pieces
 27818 | Elf:1    | Found Rigytz's Weapon Shop.
 27846 | Elf:1    | Identified Ilaaj's Reference Book on Creation
 27871 | Elf:1    | Found a frozen archway.
 27895 | IceCv    | Entered an ice cave
 28506 | Elf:1    | Gained mutation: Armour fits poorly on your strangely
                  | shaped body. [potion of mutation]
 28506 | Elf:1    | Gained mutation: Scrolls take you a little longer to read.
                  | [potion of mutation]
 28506 | Elf:1    | Gained mutation: You are partially covered in iridescent
                  | scales. (AC +2) [potion of mutation]
 28507 | Elf:1    | Lost mutation: Armour fits poorly on your strangely shaped
                  | body. [potion of mutation]
 28507 | Elf:1    | Lost mutation: Scrolls take you a little longer to read.
                  | [potion of mutation]
 28507 | Elf:1    | Lost mutation: You are partially covered in iridescent
                  | scales. (AC +2) [potion of mutation]
 28507 | Elf:1    | Gained mutation: You have an increased reservoir of magic.
                  | (+10% MP) [potion of mutation]
 28507 | Elf:1    | Gained mutation: You are partially covered in thin metallic
                  | scales. (AC +2) [potion of mutation]
 28507 | Elf:1    | Gained mutation: Your spells are a little easier to cast,
                  | but a little less powerful. [potion of mutation]
 28507 | Elf:1    | Gained mutation: You have sharp fingernails. [potion of
                  | mutation]
 28599 | Elf:1    | Reached XP level 20. HP: 184/184 MP: 33/33
 28674 | Elf:1    | Found an ancient bone altar of Kikubaaqudgha.
 28675 | Elf:1    | Found Estryutz's Antique Weapon Emporium.
 29184 | Elf:2    | Found a runed translucent gate.
 29212 | Elf:2    | Found a transporter.
 29218 | Elf:2    | Noticed Uppontub's ghost (adept HOFi)
 29230 | Elf:2    | Found a transporter.
 29249 | Elf:2    | Reached skill level 15 in Invocations
 29383 | Elf:2    | Found Huyqaek's Magic Scroll Shoppe.
 29625 | Elf:2    | Found a runed translucent gate.
 29626 | Elf:2    | Found a runed translucent gate.
 29845 | Elf:2    | Reached skill level 18 in Shields
 30210 | Elf:2    | Killed Uppontub's ghost
 30248 | Elf:3    | Entered Level 3 of the Elven Halls
 30504 | Elf:3    | Identified the +11 flail of Umyok {crush, MP+9 Int+5}
 30769 | Elf:3    | Was placed under penance by the Shining One
 30776 | Elf:3    | Reached XP level 21. HP: 105/194 MP: 35/35
 31064 | Elf:3    | Identified the +3 scythe of World's End {drain, Int+3}
 31326 | Elf:3    | Identified the Reference Book on Earthen Attacks
 31823 | Bazaar   | Entered a bazaar
 31823 | Bazaar   | Found Giennen's Antique Armour Shoppe.
 31823 | Bazaar   | Found Wode's Weapon Shoppe.
 31823 | Bazaar   | Found Fisid's Jewellery Emporium.
 31849 | Bazaar   | Bought an uncursed amulet of guardian spirit for 390 gold
                  | pieces
 32070 | Vaults:1 | Entered Level 1 of the Vaults
 32136 | Vaults:1 | Found a flickering gateway to a bazaar.
 32137 | Vaults:1 | Was forgiven by the Shining One
 32195 | Bazaar   | Entered a bazaar
 32213 | Bazaar   | Found Vifaloij's Weapon Shoppe.
 32228 | Bazaar   | Found Dimih's Gadget Emporium.
 32243 | Bazaar   | Found Plog's Weapon Emporium.
 32243 | Bazaar   | Found Copros's Assorted Antiques.
 32264 | Bazaar   | Found Weegomi's Book Emporium.
 32264 | Bazaar   | Found Isuss's Book Shoppe.
 32369 | Bazaar   | Bought a scroll of blinking for 120 gold pieces
 32369 | Bazaar   | Bought a potion of haste for 160 gold pieces
 32369 | Bazaar   | Bought a wand of acid (11) for 128 gold pieces
 33484 | Vaults:2 | Got a twisted cloak
 33495 | Vaults:2 | Identified the cursed -5 cloak of Idealism {+Fly Int+3}
                  | (You found it on level 2 of the Vaults)
 34263 | Vaults:2 | Reached skill level 19 in Shields
 34616 | Vaults:2 | Found Hetarono's Food Emporium.
 34714 | Vaults:2 | Found a staircase to the Crypt.
 34714 | Vaults:2 | Found a basalt altar of Yredelemnul.
 34715 | Vaults:2 | Found an ancient bone altar of Kikubaaqudgha.
 35249 | Vaults:3 | Reached XP level 22. HP: 204/204 MP: 37/37
 35603 | Vaults:3 | Reached skill level 10 in Dodging
 36545 | Vaults:4 | Found Ibeic's General Store.
 36552 | Vaults:4 | Bought a potion of heal wounds for 60 gold pieces
 36675 | Vaults:4 | Noticed Jory
 36686 | Vaults:4 | Killed Jory
 36998 | Vaults:5 | Entered Level 5 of the Vaults
 36998 | Vaults:5 | Noticed an ancient lich
 37027 | Vaults:5 | Identified the cursed +0 large shield of Decompression
                  | {rElec Int+7 Slay-5 Stlth+}
 37331 | Vaults:5 | Reached XP level 23. HP: 213/213 MP: 38/38
 37341 | Vaults:5 | Reached skill level 20 in Shields
 37444 | Vaults:5 | Killed an ancient lich
 37875 | Vaults:5 | Identified the amulet of Orin {Regen+ Dex+2}
 38218 | Vaults:5 | Noticed an ancient lich
 38250 | Vaults:5 | Killed an ancient lich
 38553 | Vaults:5 | Got a slimy jade ring
 38555 | Vaults:5 | Identified the ring "Plog" {rC- Str+3 Int+6 Dex+3 Stlth+}
                  | (You found it on level 5 of the Vaults)
 38564 | Vaults:5 | Got a silver rune of Zot
 38664 | Vaults:5 | Identified the Incunabulum of Ashen Sinister Arts
 38724 | Vaults:5 | Identified the cursed +0 leather armour of Perpetual
                  | Drought {rC+ Str-3 Int+6}
 38805 | Vaults:5 | Identified the Tome of Quantum Fire
 38873 | Vaults:5 | Reached skill level 21 in Shields
 39014 | Vaults:5 | Reached XP level 24. HP: 206/223 MP: 37/39
 39738 | D:4      | Bought a +2 large shield of protection for 236 gold pieces
 39962 | Depths:1 | Entered Level 1 of the Depths
 39988 | Depths:1 | Noticed Margery
 40015 | Depths:1 | Killed Margery
 40022 | Depths:1 | Found a gateway to Hell.
 40265 | Depths:1 | Found Uteuwny's Hallowed Reliquary.
 40267 | Depths:1 | Found a glowing golden altar of the Shining One.
 40620 | Depths:1 | Found a one-way gate leading to the halls of Pandemonium.
 41944 | Depths:3 | Noticed Bai Suzhen
 41983 | Depths:3 | Killed Bai Suzhen
 42047 | Depths:3 | Reached skill level 22 in Shields
 42528 | Depths:3 | Noticed Saint Roka
 42560 | Depths:3 | Killed Saint Roka
 42646 | Depths:3 | Noticed Aizul
 42650 | Depths:3 | Reached XP level 25. HP: 231/233 MP: 38/39
 42661 | Depths:3 | Killed Aizul
 43047 | Depths:3 | Noticed a juggernaut
 43067 | Depths:3 | Killed a juggernaut
 43084 | Depths:3 | Identified the Tome of Displacement and Shape Shifting
 43086 | Depths:3 | Identified Sif Muna's Disquisition on the Glacier and the
                  | Mountains
 43127 | Depths:3 | Identified the +2 buckler of Farchotu {rC+ Stlth+}
 43385 | Depths:4 | Noticed the Enchantress
 43393 | Depths:4 | Reached skill level 15 in Evocations
 43424 | Depths:4 | Killed the Enchantress
 43909 | Depths:4 | Found a snail-covered altar of Cheibriados.
 43961 | Depths:4 | Found a one-way gate to the infinite horrors of the Abyss.
 44079 | Depths:4 | Reached skill level 23 in Shields
 44259 | Depths:4 | Found a radiant altar of Vehumet.
 44621 | Depths:4 | Upgraded the game from 0.24-a0-521-g122614b to
                  | 0.25-a0-308-geac7954
 44621 | Depths:4 | Quit the game

Levels and vault maps discovered:
D:1:      minmay_arrival_radiant_lines, layout_basic, glass_columns_a,
          xom_teletrap_fun
D:2:      minmay_wonky_spiral, layout_loops_ring, first_ration,
          minmay_indecisive_spiral
D:3:      layout_rooms, nicolae_overflow_hidden_temple, bloody_makhleb
D:4:      layout_loops_cross, okawaru_trees_2, serial_shops,
          nicolae_shop_temple_entry_statues_fountains, grunt_gozag_statues
D:5:      layout_cave_pools, minmay_fractal_squares_gapless_5,
          uniq_crazy_yiuf_cottage
D:6:      layout_basic, chequers_serial_rivers_micro_c,
          minmay_misc_feat_pillars, minmay_lizard_king
D:7:      layout_loops_cross, overflow_temple_1_default,
          nicolae_ru_sacrificial_ziggurat, kennysheep_little_box,
          minmay_temple_entry_hall
D:8:      layout_rooms, cheibriados_altar_1, old_standard_altar,
          gammafunk_temple_overflow_forgotten, lair_entry_dummy,
          grunt_livestock, uniq_maurice, uniq_harold
D:9:      minmay_sliced_demisemicircle, layout_loops_ring, lemuel_doored_altar,
          orc_0_dummy, uniq_erolcha, uniq_pikel
D:10:     layout_layer_cave
D:11:     layout_stronghold
D:12:     layout_big_octagon, gammafunk_ghost_spectres, ashenzari_altar_1,
          uniq_kirke
D:13:     layout_cave_pools, minmay_ruined_shrine
D:14:     layout_long_grid, david_vaults_3, uniq_roxanne, uniq_nessos,
          uniq_josephine
D:15:     grunt_enter_depths_snipers, layout_irregular_city,
          serial_column_ruins, column_ruins_hut, column_ruins_hut_pillars,
          column_ruins_corridor_straight, column_ruins_grid_1,
          column_ruins_open_tiny, column_ruins_corridor_dead_end,
          column_ruins_grid_4, serial_park_tiny_pond, eino_tiny_chamber
Temple:   jpeg_temple_clearing
Lair:1:   layout_roguey, grunt_megastairs_5
Lair:2:   layout_gridlike, serial_bayou_shore_a, lemuel_fruit_tree,
          grunt_megastairs_4, infiniplex_staircase_pool_2, serial_bayou_shore_b,
          uniq_fannar
Lair:3:   layout_roguey, gauntlet_entry_generic, bobbens_dragon_lair_wall,
          uniq_snorg
Lair:4:   layout_roguey, shoals_dummy_entry, spider_nest_entry_rubble,
          gammafunk_ghost_grave, uniq_nergalle
Lair:5:   layout_cave_pods, uniq_urug
Lair:6:   hangedman_lair_in_review, layout_long_grid, wormcave,
          dpeg_slime_entry_corner, minmay_lindwurm_lava
Shoals:1: layout_shoals, nicolae_shoals_circle_sea_wall
Shoals:2: layout_shoals, serial_shops, bzr_entry_water, uniq_ilsuiw
Shoals:3: layout_shoals, nicolae_shoals_mertower
Shoals:4: shoals_end_grunt_garden, layout_shoals, serial_shops, shop_fountains,
          ebering_ghost_disaster_area
Spider:1: layout_spider_delve
Spider:2: gammafunk_the_bubble [the_bubble_gammafunk_grid], uniq_arachne
Spider:3: layout_spider_delve, uniq_jorgrun
Spider:4: grunt_spider_rune_circles, uniq_donald, uniq_louise
Orc:1:    layout_caves, gammafunk_ghost_split, serial_shops, shop_statue,
          kennysheep_orc_chapel
Orc:2:    st_orc_ogre_mass, layout_caves, uniq_rupert
Elf:1:    layout_geoelf_diagonals, portal_ice_cave_entry_pillars_1,
          serial_shops, shop, shop, nicolae_shop_trees, shop, basic_altar,
          minmay_elf_demonology
Elf:2:    layout_onion_city, gammafunk_ghost_berserking_beasts, serial_shops,
          shop_statue, grunt_ministairs_9
Elf:3:    minmay_elf_hall_not_hex, layout_geoelf_diagonals, st_stairs_1
Vaults:1: ontoclasm_vaults_ring_large, nicolae_vaults_know_your_exits,
          grunt_vaults_diagonal, v_pattern_3, vaults_mumra_minichess, v_misc_9,
          serial_ice_g, vaults_room_corners, v_misc_29, grunt_vaults_twisty,
          v_misc_24, layout_vaults_maze, serial_shops, bzr_entry_gold
Vaults:2: nicolae_vaults_alarming, minmay_crypt_entry_necro_gods,
          grunt_vaults_funnel, nicolae_vaults_ninety_degrees,
          grunt_vaults_hallway_short, v_rooms_1,
          nicolae_vaults_mini_display_case, ontoclasm_vaults_ligature,
          ontoclasm_vaults_twist, vaults_room_pool,
          nicolae_vaults_border_crossing, nicolae_vaults_little_ls,
          layout_vaults_omnigrid, serial_shops, nicolae_shop_waterfront
Vaults:3: nicolae_vaults_little_squares_1, v_misc_1, vaults_room_fours,
          v_misc_18, vaults_standard_mumra_enter_the_diamond, v_misc_29,
          v_misc_10, kb_rosetta, nicolae_vaults_little_squares_3,
          vaults_dpeg_hooks, ontoclasm_vaults_decontamination,
          vaults_dpeg_diagonal, v_misc_13, vaults_room_pools,
          vaults_room_hallway, layout_vaults_ring
Vaults:4: ontoclasm_vaults_hangar, st_hourglassy,
          ontoclasm_vaults_claustrophobia, nicolae_vaults_little_squares_4,
          v_pattern_4, ontoclasm_vaults_ring_large,
          nicolae_vaults_circle_grid_b, vaults_dpeg_ring, vaults_room_pools,
          nicolae_vaults_little_squares_3, layout_vaults_omnibox, serial_shops,
          shop, uniq_jory
Vaults:5
Depths:1: layout_long_grid, grunt_metal_band, minmay_misc_feat_nine_boxes,
          rand_demon_pan_entry_3, nicolae_good_shop, serial_bayou_shore_b
Depths:2: cheibrodos_birdhouse, layout_gridlike, grunt_hell_entry_dis_grunt,
          kennysheep_small_spiral, infiniplex_staircase_pool_lava
Depths:3: minmay_the_grid_triangle_9x9_recursive_2_mashed
          [minmay_the_grid_triangle_9x9_prize_center,
          minmay_the_grid_triangle_9x9_minimal,
          minmay_the_grid_triangle_9x9_pentomino_pain,
          minmay_the_grid_triangle_9x9_wacky_v], layout_gridlike,
          grunt_pan_entry_in_and_out, serial_bayou_lagoon_a, hell_entry,
          firewood_loft, uniq_saint_roka, uniq_aizul, uniq_bai_suzhen
Depths:4: evilmike_halls_of_destruction, layout_cave_pools,
          chequers_serial_rivers_small_a, hellmouth_1,
          abyss_entry_small_statue_room, lemuel_statue_altar, uniq_enchantress

Skill      XL: |  1  2  3  4  5  6  7  8  9 10 11 12 13 14 15 16 17 18 19 20 21 22 23 24 25 |
---------------+----------------------------------------------------------------------------+-----
Axes           | 3 4 5 6 8 10 11 13 14 15 17 18 | 18.0
Armour         | 4 6 7 8 10 11 12 13 14 15 16 17 18 19 20 21 | 21.0
Shields        | 4 5 6 8 9 10 11 12 13 14 15 16 17 18 19 21 22 23 | 23.1
Fighting       | 4 5 7 8 9 10 11 12 13 14 15 16 17 18 19 20 21 | 21.0
Evocations     | 1 3 5 6 8 9 10 11 12 13 14 15 | 15.0
Invocations    | 4 8 9 11 13 14 16 17 18 19 20 | 20.8
Dodging        | 2 5 8 9 11 12 13 14 | 14.0

Action                   |  1- 3 |  4- 6 |  7- 9 | 10-12 | 13-15 | 16-18 | 19-21 | 22-24 | 25-27 || total
-------------------------+-------+-------+-------+-------+-------+-------+-------+-------+-------++-------
Melee: War axe           |   107 |   223 |       |       |       |       |       |       |       ||   330
       Headbutt          |     8 |    42 |    28 |    84 |   173 |   238 |   366 |   534 |   141 ||  1614
       Broad axe         |       |    10 |   215 |   386 |   790 |  1135 |  1364 |  1570 |   435 ||  5905
Invok: Divine Shield     |       |       |       |       |       |     2 |     3 |     6 |     4 ||    15
       Summon Divine War |       |       |       |       |       |       |       |     2 |       ||     2
 Abil: Stop Flying       |       |       |       |       |       |       |       |     1 |       ||     1
       Evoke Flight      |       |       |       |       |       |       |       |     1 |       ||     1
Evoke: Wand              |       |       |     1 |       |    33 |       |     5 |       |       ||    39
       Sack of spiders   |       |       |       |       |     1 |       |       |       |       ||     1
       Phial of floods   |       |       |       |       |       |       |     1 |       |       ||     1
  Use: Scroll            |       |       |     9 |     9 |    16 |     3 |    10 |     2 |       ||    49
       Potion            |       |       |     1 |     3 |     1 |     1 |     6 |     1 |       ||    13
  Eat: Chunk             |     1 |     8 |     7 |    12 |    23 |    14 |    20 |    23 |     6 ||   114
       Ration            |       |       |       |       |       |     4 |     4 |     1 |       ||     9
Armor: Scale mail        |    10 |       |       |       |       |       |       |       |       ||    10
       Crystal plate arm |    65 |   179 |    84 |   165 |   250 |   407 |   305 |   281 |    86 ||  1822
Dodge: Dodged            |    11 |    13 |    10 |    27 |    81 |    98 |   117 |   139 |    62 ||   558
Block: Shield            |    49 |   126 |    64 |   135 |   171 |       |       |       |       ||   545
       Large shield      |       |       |       |       |   215 |  1052 |  1167 |  1109 |   356 ||  3899
       Reflection        |       |       |       |       |    10 |    77 |   157 |       |       ||   244

Table legend:
 A = Non-vault XP
 B = Vault XP
 C = Vault XP percentage of total XP
 D = Non-vault monster count
 E = Vault monster count
 F = Vault count percentage of total count
                 A         B        C        D         E       F
            +---------+---------+-------+---------+---------+-------
      Total |  662036 |  562333 |  45.9 |    1519 |     746 |  32.9
            +---------+---------+-------+---------+---------+-------
        D:1 |      45 |       0 |   0.0 |      27 |       0 |   0.0
        D:2 |     109 |      10 |   8.4 |      20 |       6 |  23.1
        D:3 |     123 |       0 |   0.0 |      26 |       0 |   0.0
        D:4 |     311 |       0 |   0.0 |      14 |       0 |   0.0
        D:5 |     548 |     108 |  16.5 |      21 |       3 |  12.5
        D:6 |     584 |      60 |   9.3 |      20 |      13 |  39.4
        D:7 |     770 |       0 |   0.0 |      24 |       0 |   0.0
        D:8 |     544 |    2469 |  81.9 |      19 |       7 |  26.9
        D:9 |    1291 |    6240 |  82.9 |      19 |      12 |  38.7
       D:10 |    1315 |       0 |   0.0 |      30 |       0 |   0.0
       D:11 |    5645 |       0 |   0.0 |      42 |       0 |   0.0
       D:12 |    4541 |    4566 |  50.1 |      31 |      10 |  24.4
       D:13 |    4448 |    2043 |  31.5 |      24 |       6 |  20.0
       D:14 |   12028 |   11943 |  49.8 |      43 |      28 |  39.4
       D:15 |   16284 |    2451 |  13.1 |      43 |       3 |   6.5
     Lair:1 |    3393 |     288 |   7.8 |      17 |       2 |  10.5
     Lair:2 |    4031 |    1340 |  24.9 |      20 |       2 |   9.1
     Lair:3 |    5804 |    5696 |  49.5 |      25 |      22 |  46.8
     Lair:4 |    6816 |    1848 |  21.3 |      30 |       3 |   9.1
     Lair:5 |   10149 |     824 |   7.5 |      33 |       1 |   2.9
     Lair:6 |   18607 |   17147 |  48.0 |      40 |      39 |  49.4
   Shoals:1 |   11873 |       0 |   0.0 |      26 |       0 |   0.0
   Shoals:2 |    9014 |    4814 |  34.8 |      16 |       5 |  23.8
   Shoals:3 |   22749 |    4919 |  17.8 |      43 |       6 |  12.2
   Shoals:4 |   21765 |   28398 |  56.6 |      45 |      39 |  46.4
   Spider:1 |   12831 |       0 |   0.0 |      40 |       0 |   0.0
   Spider:2 |   17056 |   10360 |  37.8 |      53 |      17 |  24.3
   Spider:3 |   15686 |    2858 |  15.4 |      38 |       1 |   2.6
   Spider:4 |   12662 |   27700 |  68.6 |      28 |      43 |  60.6
      Orc:1 |     222 |    3380 |  93.8 |       3 |      13 |  81.2
      Orc:2 |    3618 |   21133 |  85.4 |      33 |      39 |  54.2
      Elf:1 |   20322 |    3175 |  13.5 |      33 |       6 |  15.4
      Elf:2 |   25014 |   31206 |  55.5 |      39 |      41 |  51.2
      Elf:3 |   19616 |   41185 |  67.7 |      31 |      34 |  52.3
   Vaults:1 |   22975 |   20111 |  46.7 |      32 |      33 |  50.8
   Vaults:2 |   24455 |   23099 |  48.6 |      39 |      33 |  45.8
   Vaults:3 |   23741 |   18155 |  43.3 |      53 |      40 |  43.0
   Vaults:4 |   49037 |   16189 |  24.8 |      64 |      13 |  16.9
   Vaults:5 |   68251 |  144194 |  67.9 |      87 |      97 |  52.7
   Depths:1 |   51533 |   10788 |  17.3 |      76 |      12 |  13.6
   Depths:2 |   25681 |    5998 |  18.9 |      41 |       8 |  16.3
   Depths:3 |   47289 |   34633 |  42.3 |      64 |      26 |  28.9
   Depths:4 |   59260 |   41471 |  41.2 |      67 |      40 |  37.4
      IceCv |       0 |    6554 | 100.0 |       0 |      30 | 100.0
   Gauntlet |       0 |    4980 | 100.0 |       0 |      13 | 100.0
            +---------+---------+-------+---------+---------+-------
